 Dungeon Crawl Stone Soup version 0.29-a0-817-g9904bce7a6 (webtiles) character file.

Game seed: 13939739671845316351

22 xian the Ducker (level 2, 0/15 HPs)
             Began as a Tengu Earth Elementalist on July 5, 2022.
             Slain by an adder (2 damage)
             ... on level 1 of the Dungeon.
             The game lasted 00:03:18 (1026 turns).

xian the Ducker (Tengu Earth Elementalist)          Turns: 1026, Time: 00:03:19

Health: 0/15       AC:  4    Str:  8    XL:     2   Next: 91%
Magic:  4/6        EV: 12    Int: 15    God:
Gold:   39         SH:  0    Dex: 14    Spells: 4/5 levels left

rFire   . . .      SeeInvis .   h - +0 short sword
rCold   . . .      Faith    .   (no shield)
rNeg    . . .      Spirit   .   i - +1 leather armour
rPois   .          Reflect  .   (helmet restricted)
rElec   .          Harm     .   (no cloak)
rCorr   .          Rampage  .   (no gloves)
Will    .....                   (boots unavailable)
Stlth   ++........              (no amulet)
HPRegen 0.05/turn               (no ring)
MPRegen 0.10/turn               (no ring)

@: lethally poisoned (0 -> -1)
A: beak, talons 3
a: no special abilities


You were on level 1 of the Dungeon.
You visited 1 branch of the dungeon, and saw 2 of its levels.

You collected 39 gold pieces.

Inventory:

Hand Weapons
 h - a +0 short sword (weapon)
Armour
 a - a +0 robe
 i - a +1 leather armour (worn)
Scrolls
 d - 2 scrolls of magic mapping
Potions
 b - a potion of magic
 e - a potion of attraction


   Skills:
 + Level 0.2 Armour
 + Level 2.6 Dodging
 + Level 2.0 Stealth
 + Level 2.3 Spellcasting
 + Level 0.7 Transmutations
 + Level 2.4 Earth Magic


You had 4 spell levels left.
You knew the following spells:

 Your Spells              Type           Power      Damage    Failure   Level
a - Sandblast             Erth           18%        2d7       11%         1

Your spell library contained the following spells:

 Spells                   Type           Power      Damage    Failure   Level
 Passwall                 Tmut/Erth      5%         N/A       24%         2
 Stone Arrow              Conj/Erth      10%        3d7       50%         3
 Petrify                  Tmut/Erth      6%         N/A       83%         4


Dungeon Overview and Level Annotations

Branches:
Dungeon (2/15)

Altars:


Innate Abilities, Weirdness & Mutations

You have a beak for a mouth.
You have claws for feet.


Message History

As you read the scroll labelled YHOZUNN GOAZI, it crumbles to dust.
The air around you briefly surges with heat, but it dissipates.
It was a scroll of immolation.
As you read the scroll labelled SIZARA ZIL PUTE, it crumbles to dust.
It is a scroll of enchant armour.
Your +0 leather armour glows green for a moment.
As you read the scroll labelled ERULEUKKEO, it crumbles to dust.
It is a scroll of identify.
e - a potion of attraction Done exploring.
Okay, then.
Done exploring.
There is a stone staircase leading down here.
You climb downwards.
The adder hisses angrily. x2
Found a silvery potion.
There is a stone staircase leading up here.
The bat hits you but does no damage. The adder bites you.
You are poisoned.
The adder poisons you! The adder bites you but does no damage.
You climb upwards.
You feel sick.
There is a stone staircase leading down here.
The blast of sand hits the adder!
The adder is severely wounded.
You feel sick. The bat barely misses you. The adder bites you.
* * * LOW HITPOINT WARNING * * *
The bat barely misses you. The adder closely misses you.
The bat completely misses you.
You are too injured to fight recklessly!
You are too injured to fight recklessly!
Unknown command.
Aiming: Sandblast (safe; 11% risk of failure)
Press: ? - help, Q - select action Shift-Dir - straight line, f/p - adder
Aim: an adder (severely wounded, 63% to hit)
The blast of sand hits the adder.
You kill the adder!
* * * LOW HITPOINT WARNING * * *
You feel sick. The bat hits you but does no damage.
The adder closely misses you. The adder bites you.
You die...

##### ....# ###.#
###.##############
................@#
......#####.####S############
####..# #.# #...†........#
#..# #.# ############.# #..#
#.# #......# #.# ##.## #.#
##.###.### #.# #..# #.#
#.#.....# #.# #).# #.#
#...#.### #.#
#..####.#########.# #.#####


You could see an adder.

Vanquished Creatures
  An adder (D:1)
  3 endoplasms (D:1)
  2 giant cockroaches (D:1)
  A goblin (D:1)
  4 hobgoblins (D:1)
  A kobold (D:1)
  A quokka (D:1)
  2 ball pythons (D:1)
  3 frilled lizards (D:1)
  2 rats (D:1)
20 creatures vanquished.

Notes
Turn   | Place    | Note
-------+----------+-------------------------------------------
     0 | D:1      | xian the Tengu Earth Elementalist began the quest for the
                  | Orb.
     0 | D:1      | Reached XP level 1. HP: 10/10 MP: 4/4
   253 | D:1      | Found a faded altar of an unknown god.
   256 | D:1      | Reached XP level 2. HP: 11/15 MP: 3/6
  1026 | D:1      | Slain by an adder

Illustrated notes

Levels and vault maps discovered:
D:1:      reono_arrival_mine, layout_basic,
          dreamdust_ecumenical_altar_angels_and_demons
D:2:      kennysheep_big_flooded_room, layout_loops_cross, serial_shops, shop,
          grunt_ministairs_9, corner_web_ring, chequers_decorated_corner,
          minmay_pentomino_q2

Action                   || total
-------------------------++-------
Melee: Unarmed           ||     5
       Kick              ||     1
       Dagger            ||     5
       Short sword       ||     2
 Cast: Sandblast         ||    26
  Use: Scroll            ||     5
Armor: Robe              ||     2
       Leather armour    ||     4
Dodge: Dodged            ||    20

Table legend: (Time is in decaauts)
 A = Elapsed time spent in this place.
 B = Non-inter-level travel time spent in this place.
 C = Inter-level travel time spent in this place.
 D = Time resting spent in this place.
 E = Time spent auto-exploring this place.
 F = Levels seen in this place.
 G = Mean time per level.
                   A        B        C        D        E       F      G
               +--------+--------+--------+--------+--------+-----+--------+
         Total |   1053 |   1053 |      0 |      0 |    840 |   2 |  526.5 |
       Dungeon |   1053 |   1053 |      0 |      0 |    840 |   2 |  526.5 |
               +--------+--------+--------+--------+--------+-----+--------+

Top non-repeatable levels by time:
     D:1: 1051 daAuts
     D:2: 1 daAuts
